 Dungeon Crawl Stone Soup version 0.29.1-15-g9cfb28693d (webtiles) character file.

Game seed: 14035230680530584526

3427 Wiggles the Severer (level 9, -11/105 HPs)
             Began as a Minotaur Berserker on Mar 29, 2023.
             Was an Elder of Trog.
             Mangled by a wyvern (22 damage)
             ... on level 7 of the Dungeon.
             The game lasted 00:10:28 (6467 turns).

Wiggles the Severer (Minotaur Berserker)            Turns: 6467, Time: 00:10:29

Health: -11/105    AC: 18    Str: 25    XL:     9   Next: 76%
Magic:  8/8        EV:  7    Int:  4    God:    Trog [****..]
Gold:   234        SH:  0    Dex:  9    Spells: 8/8 levels left

rFire   . . .      SeeInvis +   l - +0 war axe (chaos)
rCold   . . .      Faith    +   (no shield)
rNeg    . . .      Spirit   .   k - +0 plate armour
rPois   .          Reflect  .   A - +3 hat "Safext" {Will++ Dex-2}
rElec   .          Harm     .   p - +2 cloak {Stlth+}
rCorr   .          Rampage  .   E - +0 pair of gloves
Will    ++...                   (no boots)
Stlth   ..........              s - amulet of faith
HPRegen 0.27/turn               D - ring of see invisible
MPRegen 0.11/turn               (no ring)

@: berserking, very quick
A: horns 2, retaliatory headbutt
a: Renounce Religion, Berserk, Trog's Hand, Brothers in Arms


You were on level 7 of the Dungeon.
You worshipped Trog.
Trog was greatly pleased with you.
You visited 1 branch of the dungeon, and saw 7 of its levels.

You collected 406 gold pieces.
You spent 172 gold pieces at shops.

Inventory:

Hand Weapons
 l - a +0 war axe of chaos (weapon)
Armour
 k - a +0 plate armour (worn)
 p - a +2 cloak of stealth (worn)
 A - the +3 hat "Safext" (worn) {Will++ Dex-2}
   (You found it on level 5 of the Dungeon)

   Dex:       It affects your dexterity (-2).
   Will:      It greatly increases your willpower.
 E - a +0 pair of gloves (worn)
Jewellery
 r - a ring of ice
 s - an amulet of faith (around neck)
 w - a ring of protection from fire
 x - a ring of ice
 D - a ring of see invisible (left hand)
Wands
 a - a wand of iceblast (23)
 d - a wand of flame (15)
 f - a wand of mindburst (16)
 n - a wand of digging (4)
Scrolls
 g - 4 scrolls of enchant armour
 j - 2 scrolls of enchant weapon
 o - 5 scrolls of immolation
 v - a scroll of brand weapon
 y - 2 scrolls of teleportation
 B - 4 scrolls of noise
 F - a scroll of fear
Potions
 b - 2 potions of berserk rage
 c - 3 potions of magic
 e - 4 potions of heal wounds
 h - 3 potions of haste
 i - 2 potions of invisibility {unknown}
 m - 3 potions of curing
 q - 3 potions of flight
 t - a potion of might
 u - a potion of mutation
 z - 3 potions of lignification {unknown}
 C - a potion of ambrosia {unknown}


   Skills:
 - Level 3.6 Fighting
 + Level 16.4 Axes
 - Level 2.4 Armour
 - Level 2.1 Dodging
 + Level 1.3 Stealth


You had 8 spell levels left.
You didn't know any spells.
Your spell library was empty.

Dungeon Overview and Level Annotations

Branches:
Dungeon (7/15)             Temple (0/1) D:4

Altars:
Sif Muna
Trog
Uskayaw
Xom
The Shining One

Shops:
D:5 ?[[*


Innate Abilities, Weirdness & Mutations

You have a pair of horns on your head.
You reflexively headbutt those who attack you in melee.


Message History

You barely miss the meliai. The meliai hits you with a +0 war axe!
The meliai stings you.
You hit the meliai. Your headbutt misses the meliai.
The meliai is moderately wounded.
The meliai hits you with a +0 war axe! The meliai barely misses you.
The deep elf pyromancer gestures wildly while chanting.
You barely miss the meliai. You headbutt the meliai.
The meliai is moderately wounded.
You hit the wyvern. You freeze the wyvern.
The meliai hits you with a +0 war axe!
* * * LOW HITPOINT WARNING * * *
The meliai stings you.
* * * LOW HITPOINT WARNING * * *
The wyvern closely misses you.
You closely miss the meliai. Your headbutt misses the meliai.
The meliai is moderately wounded.
You closely miss the wyvern.
The meliai calls down the wrath of its god upon you.
Something smites you!
* * * LOW HITPOINT WARNING * * *
You miss the meliai.
The meliai is moderately wounded.
You closely miss the wyvern. The meliai hits you with a +0 war axe.
* * * LOW HITPOINT WARNING * * *
The meliai stings you but does no damage.
The wyvern bites you.
* * * LOW HITPOINT WARNING * * *
You hit the meliai. You freeze the meliai. You headbutt the meliai!
You kill the meliai!
Trog accepts your kill.
You slash the wyvern!
The wyvern seems to grow stronger.
The wyvern bites you but does no damage.
You closely miss the scorpion. You completely miss the wyvern.
The scorpion closely misses you. You furiously retaliate!
You headbutt the scorpion! You slash the scorpion! You burn the scorpion.
You kill the scorpion!
Trog accepts your kill.
You slash the wyvern!
You feel better. The wyvern bites you!!
You die...

#.. #. #...... l#...# ..#.. ...#
.(. ### ##.## ..# ##l#.# #
###.###.#@# #. ....##.##)# #.#
#.#.#.##:e| ...#.#...#.:#[.
#.###.#.#.#.##= [##
#.......#.##.## ## ##
#######.#.# #.# #. ...
#.........# #.#.# #.#
:#####.#########.#########.#####


You could see a deep elf pyromancer and a wyvern (strong).

Vanquished Creatures
  Pikel (D:4)
  Maggie (D:7)
  A meliai (D:7)
  A water moccasin (D:5)
  A black bear (D:6)
  Duvessa (D:6)
  An orc warrior (D:6)
  An ice beast (D:6)
  3 ogres
  2 lemures (D:4)
  4 phantoms
  A bullfrog (D:6)
  6 scorpions
  A necrophage (D:4)
  Dowan (D:6)
  2 howler monkeys
  A jelly (D:5)
  4 hounds
  8 orc priests
  Crazy Yiuf (D:2)
  A gnoll bouda (D:6)
  5 iguanas
  6 orc wizards
  3 gnolls (D:6)
  9 adders
  3 worms
  2 dart slugs
  20 orcs
  2 ball pythons
  10 bats
  3 endoplasms
  4 giant cockroaches
  14 goblins
  4 hobgoblins
  2 jackals (D:5)
  2 quokkas
  4 frilled lizards
  6 kobolds
  9 rats
151 creatures vanquished.

Vanquished Creatures (others)
  An orc wizard (D:4)
1 creature vanquished.

Grand Total: 152 creatures vanquished

Notes
Turn   | Place    | Note
-------+----------+-------------------------------------------
     0 | D:1      | Wiggles the Minotaur Berserker began the quest for the Orb.
     0 | D:1      | Reached XP level 1. HP: 19/19 MP: 0/0
   112 | D:1      | Reached skill level 4 in Axes
   298 | D:1      | Reached XP level 2. HP: 26/26 MP: 1/1
   705 | D:1      | Found a faded altar of an unknown god.
  1084 | D:2      | Reached ** piety under Trog
  1085 | D:2      | Reached skill level 5 in Axes
  1120 | D:2      | Reached XP level 3. HP: 31/31 MP: 2/2
  1348 | D:2      | Found a shimmering altar of Xom.
  1701 | D:2      | Found a runed translucent door.
  1702 | D:2      | Noticed Crazy Yiuf
  1709 | D:2      | Killed Crazy Yiuf
  1710 | D:2      | Reached skill level 6 in Axes
  1710 | D:2      | Reached XP level 4. HP: 39/39 MP: 3/3
  2002 | D:3      | Found a glowing golden altar of the Shining One.
  2365 | D:3      | Reached XP level 5. HP: 38/45 MP: 4/4
  2578 | D:3      | Reached skill level 7 in Axes
  2839 | D:4      | Found a staircase to the Ecumenical Temple.
  3087 | D:4      | Reached *** piety under Trog
  3251 | D:4      | Noticed Pikel
  3251 | D:4      | Noticed a lemure
  3251 | D:4      | Noticed a lemure
  3251 | D:4      | Noticed a lemure
  3252 | D:4      | Noticed a lemure
  3263 | D:4      | Killed a lemure
  3266 | D:4      | Killed a lemure
  3269 | D:4      | Killed Pikel
  3270 | D:4      | Reached skill level 10 in Axes
  3270 | D:4      | Reached skill level 1 in Stealth
  3270 | D:4      | Reached XP level 6. HP: 38/51 MP: 5/5
  3270 | D:4      | Reached XP level 7. HP: 42/57 MP: 6/6
  3900 | D:4      | Found a bloodstained altar of Trog.
  3949 | D:4      | Reached skill level 11 in Axes
  4018 | D:4      | Found a hide-covered altar of Uskayaw.
  4020 | D:4      | Found a shimmering blue altar of Sif Muna.
  4117 | D:4      | Reached XP level 8. HP: 32/64 MP: 7/7
  4501 | D:5      | Entered Level 5 of the Dungeon
  4537 | D:5      | Reached skill level 12 in Axes
  4634 | D:5      | Found Odwicraf's General Store.
  4643 | D:5      | Found Gashetsi's Antique Armour Shoppe.
  4644 | D:5      | Found Setoex's Magic Scroll Shoppe.
  4647 | D:5      | Found Fajagrau's Armour Shoppe.
  4667 | D:5      | Identified the +3 hat "Safext" {Will++ Dex-2}
  4675 | D:5      | Bought a scroll of enchant weapon for 90 gold pieces
  4683 | D:5      | Bought a scroll of enchant armour for 82 gold pieces
  4876 | D:5      | Reached skill level 13 in Axes
  5049 | D:5      | Reached **** piety under Trog
  5171 | D:5      | Reached skill level 14 in Axes
  5396 | D:6      | Noticed Duvessa
  5396 | D:6      | Noticed Dowan
  5402 | D:6      | Killed Duvessa
  5402 | D:6      | Killed Dowan
  5403 | D:6      | Reached XP level 9. HP: 70/70 MP: 8/8
  5568 | D:6      | Identified the +10 mace "Sykkutach" {vorpal, rC+}
  5741 | D:6      | Reached skill level 15 in Axes
  6398 | D:7      | Noticed Maggie
  6407 | D:7      | Killed Maggie
  6408 | D:7      | Reached skill level 16 in Axes
  6457 | D:7      | Noticed a meliai
  6458 | D:7      | Noticed a deep elf pyromancer
  6465 | D:7      | Killed a meliai
  6467 | D:7      | Mangled by a wyvern

Illustrated notes

Levels and vault maps discovered:
D:1:      dpeg_arrival_subterranean_lakeside_camping, layout_basic,
          shapermc_ecumenical_altar_ellora
D:2:      layout_loops_ring, basic_altar, st_stairs_8, minivault_27,
          item_on_display_a, uniq_crazy_yiuf_cottage
D:3:      layout_loops_ring, nicolae_tso_carved_into_rock, minmay_pentangle
D:4:      layout_basic, grunt_temple_overflow_open,
          mainiacjoe_overflow_alcove_1, lemuel_temple_firewalk_b,
          minmay_misc_feat_more_columns, uniq_pikel
D:5:      layout_cave_pools, serial_glass, glass_columns_a, glass_columns_b,
          minmay_shop_grid_forest, serial_bayou_pond_e, minmay_hedge_maze
D:6:      layout_loops_ring, uniq_duvessa
D:7:      minmay_the_grid_plus [minmay_the_grid_holed_spiral, minmay_the_grid_x,
          minmay_the_grid_empty, minmay_the_grid_odd_star,
          minmay_the_grid_prize_diamond_cup], layout_basic,
          minmay_misc_feat_nine_boxes, uniq_maggie, uniq_prince_ribbit1

Skill      XL: |  1  2  3  4  5  6  7  8  9 |
---------------+----------------------------+-----
Axes           | 4 5 6 10 11 14 16 | 16.4
Stealth        | 1 |  1.3
Fighting       | |  3.6
Armour         | |  2.4
Dodging        | |  2.1

Action                   |  1- 3 |  4- 6 |  7- 9 || total
-------------------------+-------+-------+-------++-------
Melee: Hand axe          |    56 |       |       ||    56
       Headbutt          |     8 |    14 |    34 ||    56
       War axe           |    20 |    99 |   217 ||   336
       Punch             |       |       |     4 ||     4
Invok: Berserk           |     1 |     1 |     4 ||     6
  Use: Scroll            |       |       |    15 ||    15
Armor: Chain mail        |    31 |       |       ||    31
       Plate armour      |    18 |    66 |   103 ||   187
Dodge: Dodged            |    42 |    30 |    63 ||   135
